AoeStats
← timmy_turner

Four Lakes

509775279Analyzed
1v1 RM · 6d ago on Sep 28, 2026· 45m 11s· 2 players
Game mode
Random Map
Map size
Tiny (2 player)
Population
200
Speed
Normal
Resources
Standard
Victory
Conquest
Starting age
Dark Age
Ending age
Imperial Age
RankedLock teamsTeams togetherTeam positionsShared explorationLock speedFull tech treeHidden civsTurbo modeCheats
Victory
Defeat
🇧🇷 Chinese · Brazil
1668
+14
🇺🇸 Romans · United States
1628
-14
timmy_turner
7:53 Loom
10:00 Feudal Age
10:40 Man-at-Arms
11:28 Double-Bit Axe
12:09 Scale Mail Armor
16:48 Fishing Lines
19:41 Castle Age
18:14 Gold Mining
18:46 Bloodlines
20:09 Scale Barding Armor
21:25 Husbandry
22:09 Bow Saw
24:10 Chain Barding Armor
24:43 Light Cavalry
27:57 Wheelbarrow
27:49 Chain Mail Armor
27:43 Squires
27:04 Long Swordsman
28:47 Horse Collar
30:57 Forging
31:24 Heavy Plow
33:26 Hand Cart
35:32 Iron Casting
35:00 Town Watch
38:35 Imperial Age
38:51 Legionary
40:32 Blast Furnace
38:59 Capped Ram
40:00 Town Patrol
40:30 Siege Ram
42:07 Plate Barding Armor
44:55 Cavalier
45:28 Fletching
46:00 Comitatenses
Gkings
0:26 Loom
10:31 Feudal Age
12:46 Double-Bit Axe
14:30 Fishing Lines
16:08 Fletching
18:53 Castle Age
17:05 Fletching
17:47 Gold Mining
18:35 Padded Archer Armor
19:29 Bodkin Arrow
18:56 Crossbowman
20:06 Thumb Ring
21:28 Scale Barding Armor
22:05 Wheelbarrow
23:27 Ballistics
24:23 Bloodlines
25:21 Pikeman
26:02 Gillnets
26:58 Hand Cart
26:40 Town Watch
27:45 Forging
27:56 Horse Collar
31:49 Iron Casting
37:03 Imperial Age
39:47 Imperial Age
38:02 Murder Holes
39:02 Leather Archer Armor
40:03 Elite Chu Ko Nu
41:44 Chemistry
40:49 Bracer
41:13 Conscription
41:40 Bow Saw
42:26 Ring Archer Armor
42:32 Cavalier
44:13 Blast Furnace
44:00 Chain Barding Armor
45:36 Husbandry
Connection lost

Rejoining the realm…

Still unreachable

The connection could not be restored.

Session expired

The server has moved on; the page needs a fresh start.